 Dungeon Crawl Stone Soup version 0.17.0-55-g1383181 (webtiles) character file.

157 oldtroll the Caller (level 5, -5/37 HPs)
             Began as a Vampire Summoner on Dec 4, 2015.
             Killed by divine providence
             ... invoked by an orc priest
              (17 damage)
             ... on level 3 of the Dungeon.
             The game lasted 00:12:03 (3221 turns).

oldtroll the Caller (Vampire Summoner)              Turns: 3221, Time: 00:12:03

Health: -5/37      AC:  2    Str:  7    XL:     5   Next: 15%
Magic:  5/9        EV: 13    Int: 18    God:
Gold:   97         SH:  0    Dex: 15    Spells: 2 memorised, 7 levels left

rFire  . . .     SeeInvis +     f - +0 dagger
rCold  . . .     Clarity  .     a - +0 robe
rNeg   . . .     SustAt   .     (no shield)
rPois  .         Gourm    .     (no helmet)
rElec  .         Spirit   .     (no cloak)
rCorr  .         Warding  .     (no gloves)
rMut   .         Stasis   .     (no boots)
MR     .....                    (no amulet)
Stlth  +++.......               (no ring)
                                (no ring)

@: regenerating quickly, not resistant to hostile enchantments, fairly stealthy
A: fangs 3, see invisible, unbreathing
a: no special abilities


You were on level 3 of the Dungeon.
You were full.

You visited 1 branch of the dungeon, and saw 3 of its levels.

You collected 97 gold pieces.

Inventory:

Hand Weapons
 f - a +0 dagger (weapon)
Armour
 a - a +0 robe (worn)
Jewellery
 e - an uncursed ring of protection from cold {unknown}
 k - an uncursed ring of magical power {unknown}
 q - an uncursed amulet of resist mutation {unknown}
Wands
 p - a wand of magic darts (18)
Scrolls
 d - a scroll of random uselessness {unknown}
 g - a scroll of immolation {unknown}
 h - 4 scrolls of identify {unknown}
 j - a scroll of enchant armour {unknown}
 l - 2 scrolls of remove curse {unknown}
 n - a scroll of teleportation {unknown}
 r - a scroll of recharging {unknown}
Potions
 c - 6 potions of blood
 i - a potion of heal wounds {unknown}
 m - a potion of haste {unknown}
 o - a potion of cure mutation {unknown}
 s - a potion of cancellation {unknown}
Books
 b - a book of Callings

   Spells                             Type                      Level
   a - Summon Small Mammal            Summoning                    1
   b - Call Imp                       Summoning                    2
   c - Call Canine Familiar           Summoning                    3
   d - Summon Guardian Golem          Hexes/Summoning              3
   e - Summon Lightning Spire         Summoning/Air                4
   f - Summon Ice Beast               Ice/Summoning                4


   Skills:
 * Level 1.2 Fighting
 * Level 1.4 Short Blades
 * Level 3.0 Dodging
 * Level 3.9 Stealth
 * Level 3.0 Spellcasting
 * Level 4.7 Summonings


You had 7 spell levels left.
You knew the following spells:

 Your Spells              Type           Power        Failure   Level  Hunger
a - Summon Small Mammal   Summ           ###.         1%          1    None
b - Call Imp              Summ           ###.....     3%          2    ##.....


Dungeon Overview and Level Annotations

Branches:
Dungeon (3/15)

Altars:
Gozag
The Shining One

Annotations:
D:3 Wabnappa's ghost, amateur DsFE


Innate Abilities, Weirdness & Mutations

Your natural rate of healing is unusually fast.
You have razor-sharp teeth.
You have supernaturally acute eyesight.
You can survive without breathing.


Message History

Your crimson imp hits the orc but does no damage.
The orc barely misses your crimson imp. The orc closely misses your white imp.
Your white imp closely misses the orc.
Your crimson imp closely misses the orc.
Your white imp hits the orc.
The orc dies!
What do you say? t - Shout!
Orders for allies: a - Attack new target. r - Retreat! s - Stop attacking. w - Wait here. f - Follow me.
Anything else - Stay silent.
Gang up on whom?
Press: ? - help, Dir - move target cursor, f - orc priest
Aim: an orc priest, wielding a short sword and wearing a chain mail Attack!
You hear a shout!
The orc priest calls down the wrath of Beogh upon you.
Something smites you!
You die...

#... ###...###
#####.......#
...##.##. #.#
##.......##.###
##.##)# #o....#
.....)###...5.####
##.##.$†...)5)...#
##.##......o..##@#
...######.....##5#
##.## ########.#
##w. ####.### ##.#
#......# ##.#
#.##.#.# ...#
#§##.#.## ####
#.##....# ##
#.####..#


You could see an orc priest, 2 friendly crimson imps and a friendly white imp.

Vanquished Creatures
  An orc priest (D:3)
  2 adders
  2 giant geckos
  A hobgoblin (D:1)
  2 bats
  2 giant cockroaches
  A giant newt (D:2)
  2 goblins
  2 kobolds (D:2)
  A quokka (D:3)
  5 rats
21 creatures vanquished.

Vanquished Creatures (collateral kills)
  2 orc priests (D:3)
  An orc wizard (D:3)
  Terence (D:2)
  2 adders (D:2)
  An ooze (D:1)
  3 worms
  6 orcs
  A giant cockroach (D:2)
  A goblin (D:1)
  5 hobgoblins
  A quokka (D:3)
  2 bats (D:1)
  A giant newt (D:1)
  3 kobolds
  2 rats
32 creatures vanquished.

Vanquished Creatures (others)
  An orc (D:3)
  A quokka (D:3)
2 creatures vanquished.

Grand Total: 55 creatures vanquished

Notes
Turn   | Place    | Note
--------------------------------------------------------------
     0 | D:1      | oldtroll the Vampire Summoner began the quest for the Orb.
     0 | D:1      | Reached XP level 1. HP: 13/13 MP: 3/3
   774 | D:1      | Reached XP level 2. HP: 18/20 MP: 0/5
   782 | D:1      | Learned a level 2 spell: Call Imp
  1534 | D:2      | Found an opulent altar of Gozag.
  1608 | D:2      | Found a glowing golden altar of the Shining One.
  2118 | D:2      | Reached XP level 3. HP: 23/25 MP: 4/6
  2197 | D:2      | Noticed Terence
  2454 | D:2      | Killed Terence
  2865 | D:3      | Reached skill level 1 in Short Blades
  2877 | D:3      | Reached skill level 1 in Fighting
  2903 | D:3      | Reached XP level 4. HP: 32/32 MP: 7/7
  2962 | D:3      | Noticed Wabnappa's ghost (amateur DsFE)
  3048 | D:3      | Reached XP level 5. HP: 37/37 MP: 9/9
  3221 | D:3      | Killed from afar by an orc priest

Action                   |  1- 3 |  4- 6 || total
-------------------------+-------+-------++-------
Melee: Unarmed           |     7 |       ||     7
       Dagger            |    59 |    19 ||    78
 Cast: Summon Small Mamm |    21 |     3 ||    24
       Call Imp          |    23 |    12 ||    35
  Use: Potion            |    10 |     5 ||    15
 Stab: Sleeping          |    12 |     2 ||    14
